 Dungeon Crawl Stone Soup version 0.25-a0-156-g0c4bda3fdf (webtiles) character file.

Game seed: 5415233790645193389, levelgen mode: deterministic

28305 Lanoc the Frost Mage (level 13, -3/86 HPs)
             Began as a Green Draconian Ice Elementalist on Nov 18, 2019.
             Was a High Priest of Yredelemnul.
             Killed by divine providence
             ... invoked by a meliai
              (13 damage)
             ... on level 14 of the Dungeon on Nov 21, 2019.
             The game lasted 02:09:49 (23108 turns).

Lanoc the Frost Mage (DrIE)                        Turns: 23108, Time: 02:09:49

Health: -3/86      AC: 15    Str: 11    XL:     13   Next: 9%
Magic:  5/21       EV: 28    Int: 30    God:    Yredelemnul [*****.]
Gold:   1133       SH:  0    Dex: 18    Spells: 5/18 levels left

rFire    . . .     SeeInvis .   U - +4 spear of Youthful Indiscretion {pierce, rPois Int+3}
rCold    + . .     Gourm    .   (no shield)
rNeg     . . .     Faith    .   (armour unavailable)
rPois    +         Spirit   .   N - +2 hat {MR+}
rElec    .         Reflect  .   i - scarf {cloud immunity}
rCorr    .         Harm     .   r - +1 pair of gloves
MR       +....                  h - +2 pair of boots
Stlth    ++........             o - amulet of rage
HPRegen  0.24/turn              S - +3 ring of intelligence
MPRegen  0.17/turn              D - +3 ring of evasion

@: confused, brilliant, agile, hasted, very quick
A: breathe noxious fumes, unfitting armour, cold resistance 1, mutation
resistance 1, poison resistance, cold-blooded, AC +8
a: Breathe Noxious Fumes, Recall Undead Slaves, Injury Mirror, Animate Dead,
Drain Life, Enslave Soul, Renounce Religion, Evoke Berserk Rage


You were on level 14 of the Dungeon.
You worshipped Yredelemnul.
Yredelemnul was extremely pleased with you.
You were very hungry.

You visited 3 branches of the dungeon, and saw 17 of its levels.

You collected 1286 gold pieces.
You spent 153 gold pieces at shops.

Inventory:

Hand Weapons
 k - a +0 whip of electrocution
 n - a +1 hunting sling
 x - the +10 scimitar of Tortfeasance {holy, MR+}
   (You bought it in a shop on level 4 of the Dungeon)

   It has been blessed by the Shining One to cause great damage to the undead
   and demons.
   It affects your resistance to hostile enchantments.
   Yredelemnul disapproves of the use of such an item.
 C - a +0 longbow
 H - a +2 vampiric scythe
 T - a +0 vampiric long sword
 U - the +4 spear of Youthful Indiscretion (weapon) {pierce, rPois Int+3}
   (You found it on level 14 of the Dungeon)

   It inflicts extra damage upon your enemies.
   It affects your intelligence (+3).
   It protects you from poison.
Missiles
 c - 35 poisoned darts (quivered)
 d - 99 bolts
 l - 413 arrows
 q - 208 stones
 F - 30 boomerangs
 K - 26 sling bullets
Armour
 f - a +0 buckler
 h - a +2 pair of boots (worn)
 i - a scarf of cloud immunity (worn)
 j - a +0 large shield
 r - a +1 pair of gloves (worn)
 N - a +2 hat of magic resistance (worn)
Magical Staves
 I - an uncursed staff of conjuration
 O - an uncursed staff of earth
 W - an uncursed staff of energy
Jewellery
 o - an amulet of rage (around neck)
 s - an uncursed ring of protection from fire
 D - a +3 ring of evasion (right hand)
 L - an uncursed ring of protection from cold
 S - a +3 ring of intelligence (left hand)
Wands
 g - a wand of paralysis (8)
 m - a wand of random effects (16)
 t - a wand of disintegration (12)
 y - a wand of flame (67)
 A - a wand of iceblast (4)
 Q - a wand of polymorph (13)
 R - a wand of digging (2)
Scrolls
 e - 10 scrolls of remove curse
 p - 2 scrolls of enchant weapon
 w - 2 scrolls of magic mapping
 G - a scroll of amnesia
Potions
 a - 3 potions of lignification
 v - 5 potions of curing
 z - a potion of agility
 E - a potion of haste
 J - 4 potions of flight
Comestibles
 b - 6 rations


   Skills:
 + Level 10.1 Dodging
 - Level 1.7 Stealth
 + Level 3.4 Spellcasting
 + Level 6.8 Conjurations
 * Level 14.9 Ice Magic
 + Level 10.9 Invocations


You had 5 spell levels left.
You knew the following spells:

 Your Spells              Type           Power        Failure   Level  Hunger
a - Freeze                Ice            ####         0%          1    None
b - Ozocubu's Armour      Chrm/Ice       ######..     1%          3    ##.....
c - Throw Icicle          Conj/Ice       ######..     1%          4    ####...
d - Summon Ice Beast      Ice/Summ       ######..     1%          4    ####...
e - Apportation           Tloc           ###...       1%          1    None

Your spell library contained the following spells:

 Spells                   Type           Power        Failure   Level  Hunger
 Animate Skeleton         Necr           N/A          1%          1    None
 Confusing Touch          Hex            ###...       1%          1    None
 Summon Small Mammal      Summ           ###.         1%          1    None
 Throw Frost              Conj/Ice       ######       1%          2    None
 Mephitic Cloud           Conj/Pois/Air  #####...     1%          3    ##.....
 Metabolic Englaciation   Hex/Ice        ######....   1%          5    #####..
 Confuse                  Hex            ###.....     2%          3    ##.....
 Gell's Gravitas          Tloc           ###.......   2%          3    ##.....
 Petrify                  Tmut/Erth      ###.....     8%          4    ####...
 Summon Lightning Spire   Summ/Air       ###.....     8%          4    ####...
 Silence                  Hex/Air        ###.......   19%         5    #####..
 Yara's Violent Unravell  Hex/Tmut       ###.......   19%         5    #####..
 Freezing Cloud           Conj/Ice/Air   ######....   6%          6    #######


Dungeon Overview and Level Annotations

Branches:
Dungeon (14/15)            Temple (1/1) D:7             Orc (2/2) D:11
 Vaults (0/5) D:14
   Lair: D:8-11         Elf: Orc:2

Altars:
Cheibriados
Dithmenos
Fedhas
Gozag
Kikubaaqudgha
Makhleb
Nemelex Xobeh
Okawaru
Ru
Trog
Uskayaw
Vehumet
Wu Jian
Xom
Yredelemnul
Beogh

Shops:
D:4 (   D:9 [   Orc:2 *

Annotations:
D:3 2 transporters, 1 runed translucent door
D:11 2 transporters, Hyawatha's ghost, journeyman HOWn
D:14 Frances


Innate Abilities, Weirdness & Mutations

You can breathe blasts of noxious fumes.
Your lurid green scales are hard. (AC +8)
You cannot fit into any form of body armour.
Your system is resistant to poisons. (rPois)
You are cold-blooded and may be slowed by cold attacks.
Your flesh is cold resistant. (rC+)
You are somewhat resistant to further mutation.


Message History

Evoke which item? (* to show all) (? for menu, Esc to quit)
Aiming: Dig
Press: ? - help, Shift-Dir - straight line Digging in that direction won't affect any walls.
A gate to the Vaults.
Okay, then.
Unknown command.
Unknown command.
Casting: Freeze (safe; 0% risk of failure)
Confirm with . or Enter, or press ? or * to list all spells.
Okay, then.
Unknown command.
Okay, then.
Unknown command.
You are confused.
You feel invigorated.
The meliai invokes the aid of its god against you.
Something smites you!
You die...
Your body rises from the dead as a mindless zombie.

########
#@.....#
####yy....#
#.5((.....#
###
#(c.......#
...
#)..Z.......
#..(...D.#..
....)#.#.# .
...
.....∩#.....
...
.....###.#...


You could see a yaktaur captain, an eight-headed hydra, 2 meliai and a friendly
yaktaur zombie.

Vanquished Creatures
  A hydra (D:14)
  A centaur warrior (D:13)
  A two-headed ogre (D:13)
  A deep troll (Orc:1)
  Pikel (D:4)
  3 cyclopes
  An ugly thing (D:13)
  A manticore (D:12)
  3 deep elf magi
  3 molten gargoyles (D:9)
  2 kobold demonologists (D:11)
  A yaktaur (D:14)
  A freezing wraith (D:13)
  A queen bee (D:9)
  A troll (D:12)
  Grinder (D:3)
  3 hippogriffs
  A slime creature (D:14)
  Prince Ribbit (D:5)
  2 wraiths (D:12)
  A wyvern (D:8)
  Sigmund (D:2)
  9 yaks
  A water moccasin (D:9)
  3 ice beasts
  3 sky beasts
  14 orc warriors
  An eye of draining (D:13)
  A black bear (D:12)
  A necrophage (D:6)
  A phantom (D:12)
  3 slaves (D:4)
  4 ogres
  A wolf (D:9)
  8 centaurs
  7 bullfrogs
  2 big kobolds (D:11)
  2 wyvern zombies
  The ghost of Flogoulo the Ducker, an amateur FeFE (D:3)
  8 scorpions
  15 killer bees
  3 wights
  5 howler monkeys
  2 bullfrog zombies
  2 centaur zombies
  3 jellies
  A lava snake (D:9)
  4 hounds
  8 crimson imps
  10 orc wizards
  9 orc priests
  A bullfrog skeleton (D:5)
  Ijyb (D:3)
  Terence (D:2)
  2 iguanas (D:7)
  9 worker ants
  A statue (D:4)
  A hound skeleton (D:9)
  2 hound zombies
  A killer bee simulacrum (D:9)
  A howler monkey zombie (D:5)
  2 worker ant zombies
  3 gnolls (D:5)
  A howler monkey skeleton (D:6)
  A river rat (D:3)
  17 adders
  2 shadow imps
  A white imp (D:9)
  2 oozes
  2 adder skeletons
  3 worms
  5 dart slugs
  An adder simulacrum (D:9)
  6 leopard geckos
  63 orcs
  8 giant cockroaches
  9 goblins
  5 hobgoblins
  6 jackals
  6 quokkas
  A ball python (D:2)
  A ball python skeleton (D:4)
  7 bats
  3 frilled lizards
  2 kobolds
  9 rats
350 creatures vanquished.

Vanquished Creatures (collateral kills)
  Snorg (Orc:1)
  A yaktaur captain (D:13)
  A hydra (D:11)
  A catoblepas (D:12)
  6 two-headed ogres
  An unseen horror (D:12)
  A deep elf mage (D:13)
  3 cyclopes
  A manticore (D:13)
  3 ugly things
  A molten gargoyle (D:9)
  2 centaur skeletons (D:13)
  A freezing wraith (D:13)
  A yaktaur (D:14)
  2 kobold demonologists
  4 trolls
  3 slime creatures
  A hornet (D:12)
  A hippogriff (D:11)
  3 shadows
  4 yaks
  A vampire (D:11)
  A basilisk (D:9)
  A hungry ghost (D:13)
  2 wargs (Orc:1)
  2 ice beasts
  10 orc warriors
  A necrophage (D:14)
  An eye of draining (D:14)
  A black bear (D:9)
  3 centaurs
  2 big kobolds (D:11)
  A bullfrog (D:9)
  A scorpion (D:8)
  6 killer bees
  A jelly (D:13)
  An electric eel (D:9)
  A centaur zombie (D:9)
  A crimson imp (D:9)
  2 quasits (D:9)
  4 orc priests
  A bullfrog skeleton (D:9)
  An iguana (D:7)
  5 orc wizards
  2 worker ants
  A howler monkey zombie (D:9)
  An adder (D:7)
  A shadow imp (D:7)
  4 white imps (D:9)
  2 ufetubi (D:9)
  An adder skeleton (D:7)
  An adder simulacrum (D:9)
  27 orcs
132 creatures vanquished.

Vanquished Creatures (others)
  A meliai (D:14)
  6 flying skulls
  4 vampires
  A wraith (D:9)
  4 two-headed ogre skeletons
  A hornet zombie (D:12)
  An elf skeleton (D:12)
  A troll zombie (Orc:1)
  A hippogriff skeleton (D:7)
  2 cyclops skeletons (D:14)
  4 yak zombies
  2 yak skeletons (D:12)
  A bullfrog zombie (D:11)
  4 centaur skeletons
  4 killer bee zombies
  A sky beast zombie (D:13)
  2 mummies
  A hound skeleton (D:12)
  A worker ant zombie (D:9)
  A howler monkey skeleton (D:9)
  A scorpion zombie (D:7)
  25 orc zombies
  An adder skeleton (D:9)
  2 adder zombies (D:7)
  An orc (D:13)
  A jackal skeleton (D:5)
  A jackal zombie (D:5)
  13 orc skeletons
  A quokka simulacrum (D:9)
  A quokka skeleton (D:8)
90 creatures vanquished.

Grand Total: 572 creatures vanquished

Notes
Turn   | Place    | Note
-------+----------+-------------------------------------------
     0 | D:1      | Lanoc the Draconian Ice Elementalist began the quest for
                  | the Orb.
     0 | D:1      | Reached XP level 1. HP: 14/14 MP: 3/3
   495 | D:1      | Reached XP level 2. HP: 15/20 MP: 3/5
  1109 | D:2      | Gained mutation: Your flesh is cold resistant. (rC+)
                  | [potion of mutation]
  1109 | D:2      | Gained mutation: You are somewhat resistant to further
                  | mutation. [potion of mutation]
  1380 | D:2      | Noticed Terence
  1394 | D:2      | Killed Terence
  1394 | D:2      | Reached skill level 4 in Ice Magic
  1394 | D:2      | Reached XP level 3. HP: 18/26 MP: 0/6
  1684 | D:2      | Found a shimmering altar of Xom.
  1687 | D:2      | Found a sparkling altar of Nemelex Xobeh.
  1688 | D:2      | Found a basalt altar of Yredelemnul.
  1773 | D:2      | Found an opulent altar of Gozag.
  1947 | D:2      | Reached XP level 4. HP: 30/33 MP: 4/7
  1983 | D:2      | Became a worshipper of Yredelemnul the Dark
  2135 | D:2      | Found a shadowy altar of Dithmenos.
  2165 | D:2      | Noticed Sigmund
  2172 | D:3      | Noticed Ijyb
  2183 | D:3      | Paralysed by Ijyb for 5 turns
  2193 | D:3      | Paralysed by Ijyb for 2 turns
  2199 | D:3      | Killed Ijyb
  2358 | D:3      | Found a transporter.
  2418 | D:3      | Found a transporter.
  2507 | D:3      | Reached skill level 5 in Ice Magic
  2518 | D:3      | Learned a level 3 spell: Ozocubu's Armour
  2638 | D:3      | Reached XP level 5. HP: 38/38 MP: 1/8
  2811 | D:3      | Noticed Grinder
  2852 | D:4      | Found a radiant altar of Vehumet.
  2852 | D:4      | Noticed a charred statue
  2862 | D:4      | Noticed a slave
  2862 | D:4      | Noticed a phantom
  2987 | D:4      | Noticed a slave
  3008 | D:4      | Killed a slave
  3076 | D:4      | Noticed Pikel
  3076 | D:4      | Noticed a slave
  3076 | D:4      | Noticed a slave
  3133 | D:4      | Found a sacrificial altar of Ru.
  3247 | D:4      | Noticed a +0 hand axe
  3247 | D:4      | Noticed a +0 dagger
  3248 | D:4      | Found a hide-covered altar of Uskayaw.
  3499 | D:4      | Found Wodoluato's Antique Weapon Boutique.
  3503 | D:4      | Bought a brightly glowing scimitar for 153 gold pieces
  3504 | D:4      | Identified the +10 scimitar of Tortfeasance {holy, MR+}
                  | (You bought it in a shop on level 4 of the Dungeon)
  3554 | D:4      | Found an ornate altar of the Wu Jian Council.
  3645 | D:4      | Upgraded the game from 0.25-a0-109-ge9c0e85935 to
                  | 0.25-a0-110-ge29c8f2358
  3647 | D:5      | Entered Level 5 of the Dungeon
  3833 | D:5      | Noticed Prince Ribbit
  3844 | D:5      | Killed Prince Ribbit
  3844 | D:5      | Reached skill level 6 in Ice Magic
  3844 | D:5      | Reached XP level 6. HP: 40/45 MP: 3/9
  3936 | D:5      | Reached * piety under Yredelemnul
  4244 | D:5      | Your scales start taking on a lurid green colour.
  4244 | D:5      | Reached XP level 7. HP: 50/50 MP: 3/10
  4244 | D:5      | Gained mutation: Your system is resistant to poisons.
                  | (rPois) [Green Draconian growth]
  4316 | D:5      | Reached skill level 1 in Invocations
  4385 | D:5      | Reached skill level 7 in Ice Magic
  5014 | D:5      | Found an ancient bone altar of Kikubaaqudgha.
  5372 | D:6      | Found the +15 Maxwell's patent armour {-Cast -Tele rElec
                  | MR+ rCorr}
  5427 | D:5      | Reached XP level 8. HP: 39/57 MP: 1/11
  5795 | D:5      | Reached skill level 5 in Dodging
  5795 | D:5      | Reached skill level 8 in Ice Magic
  6855 | D:4      | Killed Pikel
  6855 | D:4      | Reached skill level 9 in Ice Magic
  6980 | D:4      | Reached ** piety under Yredelemnul
  7022 | D:3      | Found a runed translucent door.
  7027 | D:3      | Noticed Flogoulo's ghost (amateur FeFE)
  7035 | D:3      | Killed Flogoulo's ghost
  7079 | D:3      | Killed Grinder
  7079 | D:3      | Reached skill level 5 in Invocations
  7079 | D:3      | Reached XP level 9. HP: 48/62 MP: 10/12
  7104 | D:3      | Found a runed translucent door.
  7273 | D:3      | Found a blossoming altar of Fedhas.
  7534 | D:2      | Found a snail-covered altar of Cheibriados.
  7730 | D:2      | Killed Sigmund
  8424 | D:6      | Reached skill level 10 in Ice Magic
  8707 | D:7      | Learned a level 4 spell: Throw Icicle
  8734 | D:7      | Learned a level 4 spell: Summon Ice Beast
  8906 | D:7      | Found a staircase to the Ecumenical Temple.
  8930 | Temple   | Entered the Ecumenical Temple
  8950 | D:7      | Noticed a two-headed ogre
  9283 | D:6      | Found a sparkling altar of Nemelex Xobeh.
  9441 | D:8      | Reached *** piety under Yredelemnul
  9851 | D:8      | Received a gift from Yredelemnul (a mummy)
 10147 | D:9      | Noticed a two-headed ogre
 10191 | D:9      | Noticed a molten gargoyle
 10243 | D:9      | Found Safumici's Antique Armour Shop.
 10315 | D:9      | Reached skill level 11 in Ice Magic
 10315 | D:9      | Reached XP level 10. HP: 20/69 MP: 10/14
 10564 | D:9      | Received a gift from Yredelemnul (4 flying skulls)
 10628 | D:9      | You fall into a shaft and drop 3 floors!
 10907 | D:11     | Noticed a six-headed hydra
 10983 | D:12     | Found a burning altar of Makhleb.
 11123 | D:12     | Noticed a deep elf mage
 11135 | D:12     | Noticed an orange demon
 11183 | D:12     | Noticed a rust devil
 11207 | D:12     | Killed a deep elf mage
 11275 | D:12     | Reached **** piety under Yredelemnul
 11632 | D:12     | Noticed a manticore
 11652 | D:12     | Reached skill level 12 in Ice Magic
 11668 | D:12     | Noticed a cyclops
 11768 | D:12     | Upgraded the game from 0.25-a0-110-ge29c8f2358 to
                  | 0.25-a0-156-g0c4bda3fdf
 12084 | D:12     | Identified the Collected Works on Poisonous Flight
 12282 | D:11     | Noticed a green ugly thing
 12313 | D:11     | Received a gift from Yredelemnul (2 flying skulls)
 12392 | D:11     | Noticed an orange demon
 12427 | D:11     | Noticed an orange demon
 12428 | D:11     | Reached XP level 11. HP: 52/74 MP: 5/17
 12528 | D:11     | Found a transporter.
 12531 | D:11     | Noticed Hyawatha's ghost (journeyman HOWn)
 12532 | D:11     | Found a bloodstained altar of Trog.
 12537 | D:11     | Found a transporter.
 12540 | D:11     | Noticed a two-headed ogre
 12632 | D:11     | Found a roughly hewn altar of Beogh.
 12632 | D:11     | Found a staircase to the Orcish Mines.
 12660 | D:11     | Received a gift from Yredelemnul (a mummy)
 12937 | D:10     | Entered Level 10 of the Dungeon
 13084 | D:9      | Killed a two-headed ogre
 13656 | D:9      | Reached skill level 13 in Ice Magic
 13918 | D:9      | Found an iron altar of Okawaru.
 14071 | D:9      | Received a gift from Yredelemnul (a wraith)
 14202 | D:9      | Identified a scroll of acquirement
 14311 | D:9      | Received a gift from Yredelemnul (a vampire)
 14960 | D:7      | Reached ***** piety under Yredelemnul
 15028 | D:7      | Killed a two-headed ogre
 15677 | D:11     | Killed a six-headed hydra
 16053 | D:11     | Killed a green ugly thing
 16079 | D:12     | Killed an unseen horror
 16473 | D:12     | Found a roughly hewn altar of Beogh.
 16666 | D:13     | Noticed a catoblepas
 16674 | D:13     | Noticed a deep elf mage
 16752 | Orc:1    | Entered Level 1 of the Orcish Mines
 16764 | Orc:1    | Reached XP level 12. HP: 81/81 MP: 2/19
 17067 | Orc:1    | Found a roughly hewn altar of Beogh.
 17083 | Orc:1    | Reached skill level 5 in Conjurations
 17097 | Orc:1    | Received a gift from Yredelemnul (a vampire)
 17247 | Orc:1    | Noticed Snorg
 17255 | Orc:1    | Killed Snorg
 17386 | Orc:2    | Entered Level 2 of the Orcish Mines
 17386 | Orc:2    | Found Maigiorch's Assorted Antiques.
 17386 | Orc:2    | Found a bloodstained altar of Trog.
 17386 | Orc:2    | Noticed a two-headed ogre
 17387 | Orc:2    | Noticed a two-headed ogre
 17400 | Orc:2    | Noticed a two-headed ogre
 17407 | Orc:1    | Killed a two-headed ogre
 17416 | Orc:1    | Killed a two-headed ogre
 17533 | Orc:1    | Learned a level 1 spell: Apportation
 17534 | Orc:2    | Noticed a two-headed ogre
 17535 | Orc:2    | Noticed an ogre mage
 17535 | Orc:2    | Noticed a two-headed ogre
 17535 | Orc:2    | Noticed a two-headed ogre
 17546 | Orc:1    | Your ally Snorg died
 17626 | Orc:1    | Reached skill level 14 in Ice Magic
 17626 | Orc:1    | Reached skill level 10 in Invocations
 17810 | Orc:2    | Noticed an ettin
 17810 | Orc:2    | Noticed a two-headed ogre
 19431 | D:13     | Noticed a yaktaur captain
 19442 | D:13     | Noticed a two-headed ogre
 19442 | D:13     | Killed a yaktaur captain
 19701 | D:12     | Killed a catoblepas
 19881 | D:13     | Noticed a two-headed ogre
 19887 | D:13     | Killed a two-headed ogre
 20311 | D:13     | Received a gift from Yredelemnul (a vampire)
 20392 | D:13     | Killed a two-headed ogre
 20721 | D:13     | Noticed a centaur warrior
 20737 | D:13     | Killed a centaur warrior
 20737 | D:13     | Received a gift from Yredelemnul (a vampire)
 21757 | D:14     | Got an encrusted spear
 21758 | D:14     | Identified the +4 spear of Youthful Indiscretion {pierce,
                  | rPois Int+3} (You found it on level 14 of the Dungeon)
 21777 | D:14     | Noticed a two-headed ogre
 21786 | D:14     | Killed a two-headed ogre
 21786 | D:14     | Reached skill level 10 in Dodging
 21810 | D:14     | Noticed Frances
 22081 | D:14     | Noticed a seven-headed hydra
 22549 | D:14     | Reached XP level 13. HP: 73/86 MP: 17/21
 23083 | D:14     | Found a gate to the Vaults.
 23108 | D:14     | Killed from afar by a meliai

Levels and vault maps discovered:
D:1:      onia_arrival_mini_maze_b, layout_basic, st_stairs_4
D:2:      wad_pebble_path, layout_loops_corners, grunt_gozag_statues,
          lemuel_coloured_pillars_altar, grunt_temple_overflow_open,
          kennysheep_slug_shrine, corexii_leaking_fountain, uniq_terence,
          uniq_sigmund
D:3:      gammafunk_steamed_eel, layout_basic, lemuel_doored_altar,
          ebering_ghost_sewer_f, fedhas_altar_3, uniq_ijyb, uniq_grinder
D:4:      layout_loops_cross, dancing_weapons_uskayaw, vehumet_statue,
          old_standard_altar, lemuel_crystal_altar, serial_shops, shop,
          uniq_pikel
D:5:      layout_basic, old_standard_altar, first_ration, uniq_prince_ribbit1
D:6:      layout_rooms, nemelex_altar_shiori
D:7:      minmay_clustersquares, layout_loops_ring, minmay_temple_entry_mist
D:8:      layout_rooms
D:9:      minmay_quarter_circles, layout_loops_ring,
          nicolae_overflow_crystal_walls, serial_shops, shop, serial_ice,
          serial_ice_h, serial_ice_f, serial_ice_n, serial_ice_j, serial_ice_d,
          serial_ice_a, amethyst_killhole, david_nohive_1, minivault_8
D:10:     layout_cave_pods, dpeg_oklobed_lair, serial_shops, shop,
          minmay_between
D:11:     layout_rooms, david_orc_5, gammafunk_ghost_wrathful_warriors
D:12:     layout_loops_ring, special_room [special_room_orc], basic_altar
D:13:     minmay_connected_boxes_in_corner, layout_basic,
          kennysheep_generic_room_11
D:14:     layout_stronghold, david_vaults_2, minmay_holes, uniq_frances
Temple:   nicolae_temple_figure_zero
Orc:1:    layout_caves, basic_altar, uniq_snorg
Orc:2:    st_orc_open, layout_diamond_mine, hangedman_feature_mirror,
          david_defended_altar_orc, uniq_donald

Skill      XL: |  1  2  3  4  5  6  7  8  9 10 11 12 |
---------------+-------------------------------------+-----
Dodging        | 2 3 4 6 7 8 9 10 | 10.1
Ice Magic      | 4 5 6 7 9 11 12 13 14 | 14.9
Invocations    | 2 5 6 8 9 10 | 10.9
Conjurations   | 2 4 6 |  6.8
Spellcasting   | 3 |  3.4
Stealth        | |  1.7

Action                   |  1- 3 |  4- 6 |  7- 9 | 10-12 | 13-15 || total
-------------------------+-------+-------+-------+-------+-------++-------
Melee: Spear             |    79 |    64 |       |    38 |    33 ||   214
       Unarmed           |     3 |       |       |       |       ||     3
       Tailslap          |     4 |     5 |       |    19 |     3 ||    31
       Whip              |       |       |     7 |    70 |       ||    77
       Hunting sling     |       |       |     1 |     1 |       ||     2
 Fire: Hunting sling     |       |    47 |   356 |   323 |       ||   726
Throw: Dart              |       |       |       |    16 |       ||    16
 Cast: Freeze            |    29 |    70 |   178 |   378 |    12 ||   667
       Ozocubu's Armour  |       |       |     2 |     1 |       ||     3
       Throw Icicle      |       |       |       |    27 |     2 ||    29
       Summon Ice Beast  |       |       |       |    40 |     5 ||    45
Invok: Animate Remains   |       |       |     2 |       |       ||     2
       Animate Dead      |       |       |     4 |    46 |     3 ||    53
       Recall Undead Sla |       |       |       |     2 |       ||     2
       Drain Life        |       |       |       |     4 |     2 ||     6
 Abil: Breathe Noxious F |       |       |    15 |    54 |     2 ||    71
       Evoke Berserk Rag |       |       |       |     5 |       ||     5
Evoke: Wand              |       |       |     6 |     9 |       ||    15
  Use: Scroll            |     3 |     3 |    10 |    15 |     1 ||    32
       Potion            |     3 |       |     1 |     4 |     8 ||    16
 Stab: Sleeping          |     4 |     1 |       |     2 |       ||     7
       Distracted        |     2 |     1 |       |       |       ||     3
       Paralysed         |       |       |       |     7 |       ||     7
       Confused          |       |       |       |     1 |       ||     1
  Eat: Chunk             |     2 |    10 |    17 |    56 |     4 ||    89
       Ration            |       |       |     3 |     9 |       ||    12
Armor: Skin              |    34 |    37 |    78 |   175 |    20 ||   344
Dodge: Dodged            |    52 |    76 |   264 |   612 |    64 ||  1068

Table legend:
 A = Non-vault XP
 B = Vault XP
 C = Vault XP percentage of total XP
 D = Non-vault monster count
 E = Vault monster count
 F = Vault count percentage of total count
                 A         B        C        D         E       F
            +---------+---------+-------+---------+---------+-------
      Total |   23935 |   16501 |  40.8 |     326 |     154 |  32.1
            +---------+---------+-------+---------+---------+-------
        D:1 |      23 |       4 |  14.8 |      12 |       3 |  20.0
        D:2 |     112 |     252 |  69.2 |      24 |       3 |  11.1
        D:3 |     108 |     423 |  79.7 |      22 |       6 |  21.4
        D:4 |     115 |     649 |  84.9 |      12 |       2 |  14.3
        D:5 |    1001 |     241 |  19.4 |      32 |       1 |   3.0
        D:6 |    1081 |       0 |   0.0 |      22 |       0 |   0.0
        D:7 |     568 |     869 |  60.5 |      13 |      10 |  43.5
        D:8 |     998 |       0 |   0.0 |      22 |       0 |   0.0
        D:9 |    1023 |    4124 |  80.1 |      15 |      52 |  77.6
       D:10 |       0 |     129 | 100.0 |       0 |       1 | 100.0
       D:11 |    4060 |     384 |   8.6 |      23 |      22 |  48.9
       D:12 |    4680 |    1627 |  25.8 |      43 |      25 |  36.8
       D:13 |    3931 |    4788 |  54.9 |      24 |      21 |  46.7
       D:14 |    4539 |     560 |  11.0 |      23 |       2 |   8.0
      Orc:1 |    1696 |    2451 |  59.1 |      39 |       6 |  13.3
            +---------+---------+-------+---------+---------+-------
